Map: Dusk Towers

Players

Gemini

  • Race: Protoss Protoss
  • League: Master

A.I. 1 (Very Easy) - Winner!

  • Race: Protoss Protoss

VOD

Have the link to the VOD?

Description

Time

  • Played on: Jan. 4, 2016, 9:36 p.m.
  • Length: 8:06
Show
View Real Time Build Order
Export as new Build Order

Gemini Protoss 

Build Orders: 1 Gate Expand, Oracle Opening 

Get SALT Encoding   

  12  0:01  Probe (Chrono Boost)  
  13  0:12  Probe (Chrono Boost)  
  14  0:18  Pylon  
  14  0:22  Probe (Chrono Boost)  
  15  0:36  Probe (Chrono Boost)  
  15  0:38  Gateway  
  16  0:44  Assimilator  
  16  0:47  Probe (Chrono Boost)  
  17  0:57  Probe (Chrono Boost)  
  18  1:08  Probe (Chrono Boost)  
  19  1:22  Nexus  
  19  1:25  Probe (Chrono Boost)  
  20  1:37  Cybernetics Core  
  21  1:40  Probe (Chrono Boost)  
  21  1:48  Assimilator  
  21  1:50  Probe (Chrono Boost)  
  22  1:54  Pylon  
  22  2:01  Probe (Chrono Boost)  
  23  2:12  Probe (Chrono Boost)  
  23  2:13  Warp Gate  
  23  2:14  Adept (Chrono Boost)  
  26  2:24  Probe  
  26  2:27  Stargate  
  27  2:33  Probe  
  28  2:37  Probe  
  28  2:40  Adept (Chrono Boost)  
  28  2:44  Probe  
  31  2:49  Probe  
  33  2:52  Assimilator  
  33  2:55  Probe (Chrono Boost)  
  34  3:01  Probe (Chrono Boost)  
  34  3:03  Stalker (Chrono Boost)  
  37  3:09  Probe (Chrono Boost)  
  37  3:10  Pylon  
  38  3:14  Oracle (Chrono Boost)  
  38  3:16  Probe  
  38  3:19  Probe  
  43  3:28  Probe  
  43  3:33  Probe, Robotics Facility  
  46  3:43  Probe  
  46  3:46  Pylon  
  46  3:47  Mothership Core  
  48  3:54  Probe  
  49  3:58  Pylon  
  49  3:59  Assimilator  
  49  4:04  Probe  
  50  4:11  Probe (Chrono Boost)  
  50  4:13  Gateway  
  50  4:15  Probe (Chrono Boost)  
  50  4:16  Gateway  
  52  4:22  Observer  
  52  4:24  Probe (Chrono Boost)  
  54  4:27  Probe (Chrono Boost)  
  54  4:28  Pylon  
  55  4:34  Sentry, Probe (Chrono Boost)  
  55  4:38  Probe (Chrono Boost)  
  59  4:45  Immortal, Probe (Chrono Boost)  
  64  4:46  Void Ray  
  68  5:04  Nexus, Pylon  
  68  5:12  Probe x2 (Chrono Boost)  
  68  5:13  Sentry x2  
  74  5:20  Pylon  
  74  5:24  Immortal  
  78  5:29  Void Ray  
  78  5:30  Probe (Chrono Boost)  
  78  5:32  Probe (Chrono Boost)  
  84  5:37  Sentry  
  84  5:40  Sentry  
  88  5:48  Gateway  
  88  5:52  Gateway  
  88  5:53  Gateway  
  88  5:56  Pylon  
  88  5:57  Gateway  
  88  6:00  Probe x2 (Chrono Boost)  
  90  6:06  Immortal (Chrono Boost)  
  94  6:14  Void Ray  
  98  6:28  Probe x3 (Chrono Boost)  
  98  6:32  Pylon  
  101  6:34  Pylon  
  101  6:42  Stalker  
  101  6:43  Stalker x2  
  101  6:45  Warp Prism (Chrono Boost)  
  109  6:50  Probe x2  
  109  6:51  Probe  
  109  6:54  Pylon x2  
  112  7:01  Void Ray  
  112  7:05  Stalker x2  
  112  7:07  Stalker  
  122  7:17  Stalker x3  
  122  7:22  Stalker  
  130  7:29  Probe  
  130  7:30  Probe  
  130  7:31  Stalker x3  
  138  7:45  Adept x3  
  138  7:48  Stalker  
  146  7:57  Stalker  
  148  8:02  Pylon  
  148  8:03  Pylon  
  148  8:04  Pylon x2  
  148  8:06  Pylon x2  
Show
View Real Time Build Order
Export as new Build Order

A.I. 1 (Very Easy) Protoss - Winner!

Build Orders:  

Get SALT Encoding   

  12  0:01  Probe (Chrono Boost)  
  13  0:11  Probe (Chrono Boost)  
  14  0:19  Pylon  
  14  0:37  Assimilator  
  14  0:42  Gateway  
  14  0:45  Pylon  
  14  1:12  Assimilator  
  14  1:21  Probe (Chrono Boost)  
  15  1:32  Cybernetics Core, Probe (Chrono Boost)  
  16  1:42  Probe (Chrono Boost)  
  17  1:53  Probe (Chrono Boost)  
  18  1:55  Warp Gate  
  18  2:04  Probe (Chrono Boost)  
  19  2:10  Stalker  
  19  2:15  Probe (Chrono Boost)  
  22  4:10  Stalker  
  22  4:12  Pylon  
  22  4:15  Probe (Chrono Boost)  
  20  4:26  Probe (Chrono Boost)  
  21  4:38  Probe (Chrono Boost), Zealot  
  24  4:49  Probe (Chrono Boost)  
  26  5:00  Probe (Chrono Boost)  
  26  5:07  Stalker  
  28  5:43  Probe (Chrono Boost)  
  28  5:46  Robotics Facility  
  29  5:50  Pylon  
  29  5:54  Probe (Chrono Boost)  
  30  6:02  Nexus  
  30  6:04  Probe (Chrono Boost), Zealot  
  33  6:16  Probe (Chrono Boost)  
  34  6:27  Probe (Chrono Boost)  
  34  6:31  Observer  
  34  6:50  Observer  
  29  7:02  Zealot  
  32  7:16  Probe (Chrono Boost)  
  32  7:21  Assimilator  
  33  7:22  Probe (Chrono Boost)  
  33  7:27  Assimilator  
  34  7:30  Probe (Chrono Boost)  
  34  7:36  Observer  
  34  7:38  Probe (Chrono Boost)  
  31  7:44  Probe (Chrono Boost)  
  32  7:51  Probe (Chrono Boost)  
  32  7:57  Pylon  
Tags
 
Add a new tag
Caveats
  • Supply blocks, unpowered buildings, or Contaminate may cause inaccurate times.
  • Supply counts are checked every 10 seconds.